 Dungeon Crawl Stone Soup version 0.30-a0-845-g7c6808c8ce (webtiles) character file.

Game seed: 18434748679199465212

67 112233 the Shooter (level 4, 0/23 HPs)
             Began as a Spriggan Hunter on Mar 2, 2023.
             Slain by a gnoll
             ... wielding a +0 halberd
              (9 damage)
             ... on level 2 of the Dungeon.
             The game lasted 00:00:56 (946 turns).

112233 the Shooter (Spriggan Hunter)                 Turns: 946, Time: 00:00:56

Health: 0/23       AC:  2    Str:  7    XL:     4   Next: 0%
Magic:  5/5        EV: 18    Int: 12    God:
Gold:   89         SH:  0    Dex: 18    Spells: 3/3 levels left

rFire   . . .      SeeInvis +    a - +0 shortbow
rCold   . . .      Faith    .    (shield currently unavailable)
rNeg    . . .      Spirit   .    c - +0 robe
rPois   .          Reflect  .    (helmet restricted)
rElec   .          Rampage  .    (no cloak)
rCorr   .                        (gloves unavailable)
Will    .....                    (boots unavailable)
Stlth   ++                       (no amulet)
HPRegen 0.23/turn                (no ring)
MPRegen 0.09/turn                (no ring)

@: very quick
A: very small, no large weapons, unfitting armour, see invisible, speed 3
a: no special abilities


You were on level 2 of the Dungeon.
You visited 1 branch of the dungeon, and saw 2 of its levels.

You collected 89 gold pieces.

Inventory:

Hand Weapons
 a - a +0 shortbow (weapon)
 g - a +0 dagger of holy wrath
 h - a +2 dagger of speed
Armour
 c - a +0 robe (worn)
Jewellery
 d - an amulet of magic regeneration
 j - a +6 ring of dexterity
Scrolls
 b - a scroll of immolation
 e - 5 scrolls of identify {unknown}
 k - a scroll of fear {unknown}
 l - 2 scrolls of blinking {unknown}
 o - a scroll of noise {unknown}
Potions
 f - a potion of cancellation {unknown}
 i - a potion of mutation {unknown}
 m - a potion of curing {unknown}
 n - a potion of might {unknown}


   Skills:
 + Level 2.2 Fighting
 * Level 4.7 Ranged Weapons
 + Level 3.6 Dodging
 - Level 2.2 Stealth


You had 3 spell levels left.
You didn't know any spells.
Your spell library contained the following spells:

 Spells                   Type           Power      Damage    Failure   Level
 Necrotise                Necr           0%         1d4       32%         1
 Vampiric Draining        Necr           0%         2d6       69%         3
 Agony                    Necr           0%         N/A       100%        5


Dungeon Overview and Level Annotations

Branches:
Dungeon (2/15)

Altars:

Shops:
D:2 [


Innate Abilities, Weirdness & Mutations

You are very small and have problems with some larger weapons.
You are too small for most types of armour.
You have supernaturally acute eyesight. (SInv)
You cover ground extremely quickly. (Speed+++)


Message History

There is an escape hatch in the floor here.
Found a book of Necromancy.
A kobold comes into view. It is wielding a +0 short sword.
A kobold is nearby!
You shoot an arrow. The arrow hits the kobold.
You kill the kobold!
No target in view!
You now have 83 gold pieces (gained 6).
Found an escape hatch in the ceiling.
No target in view!
You now have 89 gold pieces (gained 6). 2 gnolls come into view.
Found a club.
Found a stone staircase leading down.
There are monsters nearby!
You shoot an arrow. The arrow hits the gnoll.
The gnoll is moderately wounded.
The gnoll shouts!
You hear a shout!
A gnoll is nearby!
A gnoll is nearby!
You shoot an arrow. The arrow closely misses the gnoll.
You shoot an arrow. The arrow hits the gnoll!
You kill the gnoll!
You have reached level 4!
You shoot an arrow. The arrow hits the gnoll.
The gnoll is lightly wounded.
The gnoll hits you from afar with a +0 spear.
A gnoll comes into view. It is wielding a +0 halberd.
The gnoll completely misses you. The gnoll misses you.
You shoot an arrow. The arrow hits the gnoll!
The gnoll is heavily wounded.
The gnoll barely misses you. The gnoll misses you.
You shoot an arrow. The arrow closely misses the gnoll.
The gnoll misses you. The gnoll closely misses you.
An endoplasm comes into view.
A gnoll comes into view. It is wielding a +0 spear.
The endoplasm quivers.
The gnoll completely misses you. The gnoll misses you.
The gnoll hits you from afar with a +0 spear!
The gnoll hits you from afar with a +0 halberd!
You die...

#...# #.# #...# #.#
#...# #.# #### ####...##
####.## ..)..
..##....####...... .....
#...............##
......#.........##.##.##
......#...♣♣♣..).#.##.>.
>......@..♣♣.......##.##
.J....#.....♣...##.##.##
....ggg.........##......
...#..#...........:...##
......#.........##.####
..... ##.#.....###.#
..... #.##.##.# # ###.
#.......# #. #.......#


You could see 2 gnolls and an endoplasm.

Vanquished Creatures
  A gnoll (D:2)
  An adder (D:2)
  2 dart slugs (D:1)
  4 endoplasms (D:1)
  3 giant cockroaches
  5 goblins
  2 hobgoblins (D:1)
  2 jackals (D:2)
  9 kobolds
  3 quokkas
  A ball python (D:2)
  5 bats
  2 frilled lizards (D:1)
  A rat (D:2)
41 creatures vanquished.

Notes
Turn   | Place    | Note
-------+----------+-------------------------------------------
     0 | D:1      | 112233 the Spriggan Hunter began the quest for the Orb.
     0 | D:1      | Reached XP level 1. HP: 10/10 MP: 2/2
   140 | D:1      | Reached XP level 2. HP: 15/15 MP: 3/3
   473 | D:1      | Reached XP level 3. HP: 16/18 MP: 4/4
   769 | D:2      | Found Zaechifo's Antique Armour Shop.
   941 | D:2      | Reached XP level 4. HP: 23/23 MP: 5/5
   946 | D:2      | Slain by a gnoll

Illustrated notes

Levels and vault maps discovered:
D:1:      amcnicky_arrival_flooded_fountain, layout_basic,
          minmay_split_cup_small
D:2:      layout_loops_cross, serial_shops, nicolae_shop_hallway_stairs,
          dk_noncrumbling_3, chequers_garden, chequers_decorated_corner,
          hangedman_abyss_or_decor_lesser_grid, serial_bayou_pond_e

Skill      XL: |  1  2 |
---------------+-------+-----
Stealth        | 2 |  2.2
Dodging        | 3 |  3.6
Fighting       | 2 |  2.2
Ranged Weapons | |  4.7

Action                     |  1- 3 |  4- 6 || total
---------------------------+-------+-------++-------
   Fire: Shortbow          |    94 |     3 ||    97
 Armour: Robe              |     2 |       ||     2
  Dodge: Dodged            |    36 |     8 ||    44

Table legend: (Time is in decaauts)
 A = Elapsed time spent in this place.
 B = Non-inter-level travel time spent in this place.
 C = Inter-level travel time spent in this place.
 D = Time resting spent in this place.
 E = Time spent auto-exploring this place.
 F = Levels seen in this place.
 G = Mean time per level.
                   A        B        C        D        E       F      G
               +--------+--------+--------+--------+--------+-----+--------+
         Total |    685 |    670 |     15 |      7 |    487 |   2 |  342.5 |
       Dungeon |    685 |    670 |     15 |      7 |    487 |   2 |  342.5 |
               +--------+--------+--------+--------+--------+-----+--------+

Top non-repeatable levels by time:
     D:1: 468 daAuts
     D:2: 217 daAuts
